 Dungeon Crawl Stone Soup version 0.29.1-15-g9cfb28693d (webtiles) character file.

Game seed: 14238364033340829858

5224 Smoke131 the Ruffian (level 10, -15/100 HPs)
             Began as a Troll Gladiator on Feb 27, 2023.
             Was a Priest of Okawaru.
             Demolished by a two-headed ogre
             ... wielding a +0 giant club
              (30 damage)
             ... on level 8 of the Dungeon.
             The game lasted 00:27:40 (8435 turns).

Smoke131 the Ruffian (Troll Gladiator)              Turns: 8435, Time: 00:27:41

Health: -15/100    AC:  9    Str: 28    XL:     10   Next: 35%
Magic:  11/11      EV: 10    Int:  4    God:    Okawaru [***...]
Gold:   1489       SH:  5    Dex: 11    Spells: 9/9 levels left

rFire   . . .      SeeInvis .     - Unarmed
rCold   . . .      Faith    .   (no shield)
rNeg    . . .      Spirit   .   d - +0 steam dragon scales
rPois   .          Reflect  +   A - +1 hat {Stlth+}
rElec   .          Harm     .   (no cloak)
rCorr   .          Rampage  .   (gloves unavailable)
Will    .....                   (boots unavailable)
Stlth   ++........              z - amulet of reflection
HPRegen 1.06/turn               (no ring)
MPRegen 0.12/turn               (no ring)

@: no status effects
A: large, unfitting armour, claws 3, regeneration 1, shaggy fur 1, tough skin 1
a: Renounce Religion, Heroism


You were on level 8 of the Dungeon.
You worshipped Okawaru.
Okawaru was most pleased with you.
You visited 2 branches of the dungeon, and saw 10 of its levels.

You collected 1489 gold pieces.

Inventory:

Missiles
 c - 2 throwing nets
 m - 10 poisoned darts (quivered)
 p - 2 large rocks
 C - 6 javelins
 D - a curare-tipped dart
Armour
 d - +0 steam dragon scales (worn)
 A - a +1 hat of stealth (worn)
Jewellery
 j - an amulet of guardian spirit
 r - a ring of resist corrosion
 z - an amulet of reflection (around neck)
Wands
 a - a wand of flame (23)
 b - a wand of polymorph (14)
 u - a wand of acid (9)
 G - a wand of mindburst (13)
Scrolls
 f - a scroll of poison {unknown}
 g - 2 scrolls of teleportation
 n - a scroll of magic mapping {unknown}
 q - a scroll of brand weapon
 x - a scroll of vulnerability
 y - a scroll of identify
Potions
 e - 3 potions of brilliance
 h - 3 potions of ambrosia
 i - 4 potions of lignification
 k - 3 potions of mutation
 l - 2 potions of haste
 o - a potion of curing
 s - a potion of magic {unknown}
 t - 3 potions of flight {unknown}
 v - a potion of heal wounds {unknown}
 w - a potion of degeneration
 B - a potion of might {unknown}
 F - 2 potions of attraction {unknown}


   Skills:
 + Level 6.3 Fighting
 + Level 6.9 Throwing
 + Level 5.9 Armour
 - Level 3.0 Dodging
 + Level 7.9 Unarmed Combat
 + Level 3.8 Invocations


You had 9 spell levels left.
You didn't know any spells.
Your spell library contained the following spells:

 Spells                   Type           Power      Damage    Failure   Level
 Necrotise                Necr           0%         1d4       50%         1
 Static Discharge         Conj/Air       0%         3-3/arc   65%         2
 Sublimation of Blood     Necr           0%         N/A       65%         2
 Conjure Flame            Conj/Fire      0%         6-21      86%         3
 Frozen Ramparts          Ice            0%         1d1       86%         3
 Ignite Poison            Fire/Tmut/Pois 0%         N/A       86%         3
 Vampiric Draining        Necr           0%         2d6       86%         3
 Ice Form                 Ice/Tmut       0%         N/A       99%         4
 Petrify                  Tmut/Erth      0%         N/A       99%         4
 Sticky Flame             Conj/Fire      0%         2d3       99%         4
 Agony                    Necr           0%         N/A       100%        5
 Irradiate                Conj/Tmut      0%         3d11      100%        5
 Lightning Bolt           Conj/Air       0%         1d11      100%        5
 Maxwell's Capacitive Co  Air            0%         ∞         100%        8
 Summon Ice Beast         Ice/Summ       Unusable   N/A       N/A         4

Dungeon Overview and Level Annotations

Branches:
Dungeon (9/15)             Temple (1/1) D:6
   Lair: D:8-11         Orc: D:9-12

Altars:
Ashenzari
Cheibriados
Dithmenos
Elyvilon
Fedhas
Gozag
Hepliaklqana
Makhleb
Nemelex Xobeh
Okawaru
Ru
Trog
Uskayaw
Vehumet
Wu Jian
Xom
Yredelemnul
Zin
The Shining One

Shops:
D:2 ?   D:6 (


Innate Abilities, Weirdness & Mutations

You are too large for most types of armour.
You have claws for hands.
Your natural rate of healing is unusually fast.
You are covered in fur. (AC +1)
You have tough skin. (AC +1)


Message History

You throw a poisoned dart.
The poisoned dart hits the two-headed ogre.
The two-headed ogre is poisoned.
Throw: 13 darts (poison)
Press: ? - help, Q - select action, (/) - cycle Shift-Dir - straight line, f/p - two-headed ogre
Aim: a two-headed ogre, wielding two +0 giant clubs (poisoned, 77% to hit)
You throw a poisoned dart.
The poisoned dart hits the two-headed ogre!
The two-headed ogre looks as sick as possible!
Throw: 12 darts (poison)
Press: ? - help, Q - select action, (/) - cycle Shift-Dir - straight line, f/p - two-headed ogre
Aim: a two-headed ogre, wielding two +0 giant clubs (extremely poisoned, 77% to hit)
You throw a poisoned dart.
The poisoned dart hits the two-headed ogre!
The two-headed ogre looks as sick as possible!
You scratch the two-headed ogre but do no damage.
The two-headed ogre is lightly wounded.
The two-headed ogre hits you with a +0 giant club! x2
Throw: 11 darts (poison)
Press: ? - help, Q - select action, (/) - cycle Shift-Dir - straight line, f/p - two-headed ogre
Aim: a two-headed ogre, wielding two +0 giant clubs (moderately wounded, extremely poisoned, 77% to hit)
You throw a poisoned dart.
The poisoned dart hits the two-headed ogre!
The two-headed ogre looks as sick as possible!
The two-headed ogre is moderately wounded.
The two-headed ogre attacks as you move away!
The two-headed ogre hits you with a +0 giant club! x2
You see here a wolf corpse.
Things that are here:
a +0 short sword; a hound corpse; a kobold skeleton
There is a stone staircase leading up here.
The two-headed ogre hits you with a +0 giant club!!
* * * LOW HITPOINT WARNING * * *
The two-headed ogre hits you with a +0 giant club!
* * * LOW HITPOINT WARNING * * *
You climb upwards.
There is a stone staircase leading down, spattered with blood here.
The two-headed ogre attacks as you move away!
The two-headed ogre hits you with a +0 giant club!!
You die...

#############
#...........#
#.#########.# #.# #.#
#.# #.#
######.#########.######
...............)@O....#
######.##.######)####.#
#.##.# #.# #.# #.##.#
#.# #.# #.##.# #.# #.#
######.##.######.####.#
...[...(...........##.#
..####..#.####........#
..# #..#.# #.#.######


You could see a two-headed ogre (very poisoned).

Vanquished Creatures
  Gastronok (D:8)
  Erica (D:8)
  A hornet (D:7)
  A wraith (D:6)
  2 steam dragons
  2 black bears
  An orc warrior (D:8)
  A wolf (D:9)
  2 phantoms
  A centaur (D:5)
  A kobold brigand (D:8)
  4 bullfrogs
  3 necrophages
  A gnoll sergeant (D:6)
  5 scorpions
  4 wights
  16 killer bees
  2 electric eels (D:9)
  3 hounds
  2 jellies
  3 orc priests
  A gnoll bouda (D:7)
  An iguana (D:6)
  4 orc wizards
  6 gnolls
  4 adders
  2 shadow imps
  2 white imps
  2 worms
  3 dart slugs
  18 orcs
  8 ball pythons
  10 endoplasms
  2 giant cockroaches
  3 goblins
  7 hobgoblins
  8 jackals
  7 kobolds
  10 bats
  4 rats
159 creatures vanquished.

Vanquished Creatures (others)
  A kobold (D:9)
  4 plants (D:6)
5 creatures vanquished.

Grand Total: 164 creatures vanquished

Notes
Turn   | Place    | Note
-------+----------+-------------------------------------------
     0 | D:1      | Smoke131 the Troll Gladiator began the quest for the Orb.
     0 | D:1      | Reached XP level 1. HP: 19/19 MP: 0/0
    22 | D:1      | Found a faded altar of an unknown god.
   134 | D:1      | Reached XP level 2. HP: 28/28 MP: 1/1
  1106 | D:2      | Reached XP level 3. HP: 35/35 MP: 2/2
  1111 | D:2      | Found Wephios's Magic Scroll Shoppe.
  1747 | D:3      | Reached skill level 1 in Armour
  1747 | D:3      | Reached XP level 4. HP: 26/42 MP: 3/3
  2411 | D:4      | Noticed a black bear
  2622 | D:4      | Found a radiant altar of Vehumet.
  2622 | D:4      | Noticed a bullfrog
  2627 | D:4      | Killed a bullfrog
  2628 | D:4      | Reached XP level 5. HP: 43/50 MP: 4/4
  2665 | D:4      | Found a broken altar of Ashenzari.
  3109 | D:4      | Identified the +2 robe "Dyroarux" {Drain Fly rPois}
  3409 | D:4      | Killed a black bear
  3410 | D:4      | Reached skill level 4 in Unarmed Combat
  3410 | D:4      | Reached XP level 6. HP: 45/59 MP: 5/5
  3653 | D:5      | Entered Level 5 of the Dungeon
  3828 | D:5      | Reached XP level 7. HP: 46/67 MP: 6/6
  4074 | D:5      | Found a glowing golden altar of the Shining One.
  4279 | D:5      | Reached skill level 5 in Unarmed Combat
  4816 | D:5      | Reached XP level 8. HP: 67/78 MP: 7/7
  5235 | D:6      | Reached skill level 5 in Throwing
  5318 | D:6      | Found Lekyirgh's Weapon Boutique.
  5493 | D:6      | Reached skill level 6 in Unarmed Combat
  5624 | D:6      | Found a staircase to the Ecumenical Temple.
  5633 | Temple   | Entered the Ecumenical Temple
  6054 | Temple   | Became a worshipper of Warmaster Okawaru
  6144 | D:6      | Found a faded altar of an unknown god.
  6145 | D:6      | Found a faded altar of an unknown god.
  6146 | D:6      | Found a faded altar of an unknown god.
  6146 | D:6      | Found a hazy altar of Hepliaklqana.
  6214 | D:7      | Identified a scroll of acquirement
  6214 | D:7      | Acquired 1059 gold pieces
  6221 | D:7      | Noticed a hornet
  6398 | D:6      | Reached skill level 5 in Fighting
  6398 | D:6      | Reached XP level 9. HP: 55/88 MP: 8/8
  6492 | D:7      | Paralysed by a hornet for 2 turns
  6548 | D:7      | Reached skill level 1 in Invocations
  6602 | D:7      | Reached * piety under Okawaru
  6989 | D:8      | Reached skill level 5 in Armour
  7011 | D:8      | Noticed Erica
  7153 | D:8      | Killed Erica
  7153 | D:8      | Reached ** piety under Okawaru
  7154 | D:8      | Reached skill level 7 in Unarmed Combat
  7461 | D:8      | Reached XP level 10. HP: 94/98 MP: 11/11
  7463 | D:8      | Noticed Gastronok
  7527 | D:8      | Killed Gastronok
  7527 | D:8      | Reached *** piety under Okawaru
  7527 | D:8      | Received a gift from Okawaru
  8411 | D:9      | Noticed a two-headed ogre
  8435 | D:8      | Demolished by a two-headed ogre

Illustrated notes

Levels and vault maps discovered:
D:1:      sevenhm_arrival_forest_fort_small_3, layout_basic,
          shapermc_ecumenical_altar_starsandcircs,
          corexii_item_surrounded_by_moat
D:2:      layout_basic, serial_shops, shop, minmay_pentomino_w4
D:3:      layout_basic, chequers_mini_garden
D:4:      kennysheep_six_static_rooms, layout_layer_cave,
          mainiacjoe_overflow_two_lobes, serial_glass, glass_columns_b,
          glass_columns_a, glass_columns_a, grunt_decor_one_mirror
D:5:      layout_loops_ring, nicolae_overflow_hidden_temple,
          minmay_misc_feat_cross
D:6:      layout_basic, nicolae_hepliaklqana_ecumenical_no_more,
          minmay_temple_entry_poolview, serial_shops, nicolae_diamond_shop
D:7:      layout_cave_pools
D:8:      layout_basic, uniq_gastronok, uniq_erica
D:9:      layout_big_octagon, mainiacjoe_overflow_six_doors_small,
          kennysheep_mini_moat, erik_lair_island
Temple:   hellmonk_temple_two_chambers

Skill      XL: |  1  2  3  4  5  6  7  8  9 |
---------------+----------------------------+-----
Throwing       | 2 3 4 5 6 |  6.9
Fighting       | 2 3 4 5 6 |  6.3
Armour         | 1 2 3 4 5 |  5.9
Dodging        | 3 |  3.0
Unarmed Combat | 4 5 6 7 |  7.9
Invocations    | 3 |  3.8

Action                   |  1- 3 |  4- 6 |  7- 9 | 10-12 || total
-------------------------+-------+-------+-------+-------++-------
Melee: Unarmed           |    88 |   124 |   237 |    58 ||   507
       Punch             |       |     3 |     6 |     1 ||    10
Throw: Javelin           |       |    12 |    21 |     7 ||    40
       Large rock        |       |     2 |     4 |       ||     6
       Dart              |       |       |     5 |    19 ||    24
       Throwing net      |       |       |     2 |       ||     2
Evoke: Wand              |       |       |       |     2 ||     2
  Use: Scroll            |       |     4 |    13 |       ||    17
       Potion            |       |     1 |     2 |     1 ||     4
Armor: Robe              |    43 |    41 |    23 |       ||   107
       Steam dragon scal |       |       |    54 |    29 ||    83
Dodge: Dodged            |    68 |    52 |   137 |    34 ||   291
Block: Other             |       |    10 |    64 |    22 ||    96
       Reflection        |       |     2 |     1 |       ||     3
